 Dungeon Crawl Stone Soup version 0.29-a0-275-g389c0b56f3 (webtiles) character file.

Game seed: 6951245952831071362

3000 namelastname112 the Skirmisher (level 9, -18/81 HPs)
             Began as a Red Draconian Ice Elementalist on Mar 12, 2022.
             Was a Follower of Vehumet.
             Demolished by a skeletal warrior
             ... wielding a +0 war axe
             ... led by a skeletal warrior
              (22 damage)
             ... on level 7 of the Dungeon.
             The game lasted 00:10:08 (7478 turns).

namelastname112 the Skirmisher (DrIE)               Turns: 7478, Time: 00:10:08

Health: -18/81     AC: 15    Str: 10    XL:     9   Next: 54%
Magic:  19/19      EV: 14    Int: 26    God:    Vehumet [*.....]
Gold:   34         SH:  0    Dex: 12    Spells: 11/22 levels left

rFire   + . .      SeeInvis .   c - +1 dagger (venom)
rCold   + . .      Faith    .   (no shield)
rNeg    . . .      Spirit   .   (body armour unavailable)
rPois   .          Reflect  .   (helmet restricted)
rElec   .          Harm     .   (no cloak)
rCorr   .          Rampage  .   m - +0 pair of gloves
Will    .....                   (no boots)
Stlth   +.........              (no amulet)
HPRegen 0.23/turn               e - +6 ring of intelligence
MPRegen 0.16/turn               g - ring of protection from cold

@: confused, ice-armoured, short of breath, ambrosia-drunk, invisible
A: breathe fire, AC +7, unfitting armour, fire resistance 1, cold-blooded
a: Breathe Fire, Renounce Religion


You were on level 7 of the Dungeon.
You worshipped Vehumet.
Vehumet was aware of your devotion.
You visited 2 branches of the dungeon, and saw 8 of its levels.

You collected 372 gold pieces.
You spent 338 gold pieces at shops.

Inventory:

Hand Weapons
 c - a +1 dagger of venom (weapon)
 w - a +2 trident of venom
Armour
 m - a +0 pair of gloves (worn)
Jewellery
 e - a +6 ring of intelligence (left hand)
 g - a ring of protection from cold (right hand)
 v - a +6 ring of intelligence
 x - a ring of wizardry
 z - a ring of ice
 A - a ring of positive energy
 D - a +6 ring of intelligence
Scrolls
 h - a scroll of immolation {unknown}
 k - a scroll of amnesia {unknown}
 l - a scroll of fog {unknown}
 o - a scroll of magic mapping {unknown}
 p - 3 scrolls of teleportation
 r - 2 scrolls of holy word {unknown}
 t - a scroll of acquirement {unknown}
 y - a scroll of noise {unknown}
 B - 3 scrolls of fear {unknown}
 E - a scroll of silence {unknown}
Potions
 a - a potion of magic
 b - 4 potions of attraction
 d - a potion of invisibility
 i - 4 potions of curing
 n - a potion of cancellation
 q - a potion of berserk rage
 s - a potion of resistance
 C - a potion of haste
 F - a potion of lignification
 G - a potion of flight


   Skills:
 + Level 7.9 Fighting
 + Level 6.9 Dodging
 - Level 1.7 Stealth
 + Level 7.0 Spellcasting
 * Level 0.8 Conjurations
 * Level 1.1 Fire Magic
 - Level 4.5 Ice Magic


You had 11 spell levels left.
You knew the following spells:

 Your Spells              Type           Power      Damage    Failure   Level
a - Ozocubu's Armour      Ice            32%        N/A       3%          3
b - Sticky Flame          Conj/Fire      14%        2d4       38%         4
x - Frozen Ramparts       Ice            64%        1d8       3%          3
z - Freeze                Ice            100%       1d11      1%          1

Your spell library contained the following spells:

 Spells                   Type           Power      Damage    Failure   Level
 Shock                    Conj/Air       44%        1d5       5%          1
 Corpse Rot               Necr/Air       18%        N/A       10%         2
 Poisonous Vapours        Pois/Air       18%        N/A       10%         2
 Conjure Flame            Conj/Fire      14%        6-21      12%         3
 Ignite Poison            Fire/Tmut/Pois 11%        N/A       16%         3
 Hailstorm                Conj/Ice       23%        3d7       21%         4
 Fulminant Prism          Conj/Hex       5%         3d7       45%         4
 Passage of Golubria      Tloc           9%         N/A       52%         4
 Silence                  Hex/Air        4%         N/A       86%         5
 Lehudib's Crystal Spear  Conj/Erth      5%         10d3      100%        8


Dungeon Overview and Level Annotations

Branches:
Dungeon (7/15)             Temple (1/1) D:6

Altars:
Ashenzari
Cheibriados
Elyvilon
Fedhas
Gozag
Kikubaaqudgha
Makhleb
Okawaru
Qazlal
Ru
Trog
Uskayaw
Vehumet
Wu Jian
Xom
Yredelemnul
Zin
The Shining One

Shops:
D:6 :


Innate Abilities, Weirdness & Mutations

You can breathe blasts of fire.
Your fiery red scales are hard. (AC +7)
You cannot fit into any form of body armour.
Your flesh is heat resistant. (rF+)
You are cold-blooded and may be slowed by cold attacks.


Message History

The fiery breath hits the skeletal warrior!
The skeletal warrior is lightly damaged!
The skeletal warrior is engulfed in blazing flames!
The skeletal warrior misses you!
You stick the skeletal warrior but do no damage!
You tail-slap the skeletal warrior, but do no damage!
The skeletal warrior is lightly damaged!
The skeletal warrior is engulfed in blazing flames!
The skeletal warrior hits you with a +0 war axe!!!
You take 10 damage, and have 51/81 hp!
You closely miss the skeletal warrior!
The skeletal warrior is moderately damaged!
The skeletal warrior is engulfed in blazing flames!
The skeletal warrior hits you with a +0 war axe!!!
You take 11 damage, and have 40/81 hp!
You skewer the skeletal warrior like a kebab!
You tail-slap the skeletal warrior, but do no damage!
The skeletal warrior is moderately damaged!
The skeletal warrior is engulfed in blazing flames!
The skeletal warrior hits you with a +0 war axe!!!
You take 10 damage, and have 30/81 hp!
You stick the skeletal warrior but do no damage!
The skeletal warrior is severely damaged!
The skeletal warrior is engulfed in blazing flames!
The skeletal warrior hits you with a +0 war axe!!! * * * don't die
* * * You take 13 damage, and have 17/81 hp!
You fade into invisibility!!!
The skeletal warrior hits you with a +0 war axe!!! * * * don't die
* * * You take 7 damage, and have 10/81 hp!
Okay, then!
You are confused!
You feel invigorated!
The skeletal warrior hits you with a +0 war axe!!! * * * don't die
* * * You take 9 damage, and have 1/81 hp!
MP restored: 19 The skeletal warrior hits you with a +0 war axe!!!!!! rip

#####.#### #............###...##
#.. .....# ###.#.###.#### ##.##
#.# #.##.# #.#.# #.# #.#
#.###.##.#### #.#.###.# #.#
#.≈≈..≈..≈≈≈######....# ##'##
#.≈≈≈z≈≈)...≈≈≈≈.###### ##...##
#<.≈))..≈≈.......#### ##.....#
#...≈)....≈.≈≈≈._##.## ##.......
##.≈....≈≈.....z@#...####).......
'.≈≈≈.≈≈....≈≈≈≈.#......)).......
#.≈≈..≈..≈≈≈######...####........
#.#.#..##.#####.#.#.## ##.......
#.#.#..##.# ##.##.##.## ##.....#
#.#.#.###.# #.###.....# ##...##
#.#.#.# ##.#####.## ##'##
##.###..# #.# ##.#.#)# #.#


You could see a skeletal warrior (can't see you).

Vanquished Creatures
  A skeletal warrior (D:7)
  Pikel (D:7)
  A steam dragon (D:3)
  Menkaure (D:6)
  A black bear (D:4)
  A sky beast (D:7)
  A centaur (D:6)
  An ogre (D:7)
  2 phantoms (D:5)
  2 kobold brigands
  2 bullfrogs
  A scorpion (D:7)
  3 necrophages
  A lava snake (D:7)
  A hound (D:5)
  6 orc priests (D:7)
  2 jellies
  An iguana (D:3)
  7 orc wizards
  9 adders
  4 gnolls (D:3)
  A shadow imp (D:7)
  2 worms
  2 dart slugs
  23 orcs
  4 bats
  5 endoplasms
  2 giant cockroaches (D:3)
  10 hobgoblins
  12 jackals
  12 kobolds
  6 quokkas
  10 ball pythons
  7 goblins
  5 rats
150 creatures vanquished.

Notes
Turn   | Place    | Note
-------+----------+-------------------------------------------
     0 | D:1      | namelastname112 the Draconian Ice Elementalist began the
                  | quest for the Orb.
     0 | D:1      | Reached XP level 1. HP: 14/14 MP: 3/3
   296 | D:1      | Reached XP level 2. HP: 19/22 MP: 5/5
   387 | D:1      | Found a faded altar of an unknown god.
   508 | D:1      | Reached skill level 1 in Fighting
  1063 | D:2      | Reached XP level 3. HP: 26/28 MP: 1/6
  1081 | D:2      | Learned a level 3 spell: Frozen Ramparts
  1554 | D:2      | Noticed a necrophage
  1580 | D:2      | Killed a necrophage
  1581 | D:2      | Reached XP level 4. HP: 9/36 MP: 5/8
  2082 | D:2      | Reached XP level 5. HP: 41/41 MP: 6/9
  2097 | D:2      | Learned a level 3 spell: Ozocubu's Armour
  2747 | D:3      | Found an ornate altar of the Wu Jian Council.
  2969 | D:3      | Got the Almanac of Frigorific Battle Magic
  3031 | D:3      | Found a broken altar of Ashenzari.
  3071 | D:3      | Noticed a steam dragon
  3084 | D:3      | Killed a steam dragon
  3085 | D:3      | Reached skill level 5 in Ice Magic
  3085 | D:3      | Reached XP level 6. HP: 46/51 MP: 1/11
  3593 | D:4      | Found a white marble altar of Elyvilon.
  4025 | D:5      | Entered Level 5 of the Dungeon
  4031 | D:5      | Your scales start taking on a fiery red colour.
  4031 | D:5      | Reached XP level 7. HP: 56/58 MP: 8/12
  4031 | D:5      | Gained mutation: Your flesh is heat resistant. (rF+) [Red
                  | Draconian growth]
  4893 | D:6      | Reached skill level 5 in Fighting
  4981 | D:6      | Found a staircase to the Ecumenical Temple.
  5007 | D:6      | Noticed Menkaure
  5011 | D:6      | Killed Menkaure
  5012 | D:6      | Reached skill level 5 in Spellcasting
  5012 | D:6      | Reached XP level 8. HP: 68/68 MP: 15/15
  5029 | D:6      | Reached skill level 5 in Dodging
  5044 | Temple   | Entered the Ecumenical Temple
  5122 | Temple   | Became a worshipper of Vehumet
  5255 | D:6      | Found Mebliex's Book Emporium.
  6123 | D:7      | Noticed Pikel
  6134 | D:7      | Killed Pikel
  6135 | D:7      | Reached XP level 9. HP: 70/78 MP: 14/18
  6423 | D:7      | Reached * piety under Vehumet
  6423 | D:7      | Offered knowledge of Shock by Vehumet.
  6764 | D:7      | Noticed a skeletal warrior
  6764 | D:7      | Noticed a skeletal warrior
  6764 | D:7      | Noticed a skeletal warrior
  6764 | D:7      | Noticed a skeletal warrior
  6764 | D:7      | Noticed a skeletal warrior
  6781 | D:7      | Killed a skeletal warrior
  7268 | D:6      | Bought an Everburning Encyclopedia for 338 gold pieces
  7273 | D:6      | Learned a level 4 spell: Sticky Flame
  7332 | D:7      | Found a hide-covered altar of Uskayaw.
  7339 | D:7      | Reached skill level 1 in Fire Magic
  7477 | D:7      | HP: 1/81 [skeletal warrior/+0 war axe[a skeletal warrior]
                  | (12)]
  7478 | D:7      | Demolished by a skeletal warrior

Illustrated notes

Levels and vault maps discovered:
D:1:      minmay_arrival_plants_in_alcoves, layout_loops_ring,
          chequers_ecumenical_altar_island
D:2:      minmay_skewed_foursquare, layout_loops_corners, st_stairs_10
D:3:      layout_basic, evilmike_ruin_ashenzari, lemuel_round_altar,
          grunt_ministairs_10
D:4:      layout_basic, elyvilon_altar_1, minmay_tree_intersection
D:5:      layout_rooms, minmay_misc_feat_columns
D:6:      layout_basic, minmay_temple_entry_overgrown, serial_shops, shop,
          hangedman_decor_lopped, uniq_menkaure
D:7:      layout_loops_corners, nicolae_uskayaw_suspiria, uniq_pikel
Temple:   jpeg_temple_clearing

Skill      XL: |  1  2  3  4  5  6  7  8  9 |
---------------+----------------------------+-----
Dodging        | 2 3 4 6 |  6.9
Fighting       | 1 2 3 5 6 7 |  7.9
Spellcasting   | 3 5 6 7 |  7.0
Ice Magic      | 5 4 |  4.5
Fire Magic     | 1 |  1.1
Stealth        | |  1.7
Conjurations   | |  0.8

Action                   |  1- 3 |  4- 6 |  7- 9 || total
-------------------------+-------+-------+-------++-------
Melee: Dagger            |    87 |    87 |    82 ||   256
       Tailslap          |     8 |    16 |    28 ||    52
       Punch             |     1 |     2 |     1 ||     4
       Trident           |       |     9 |    76 ||    85
 Cast: Freeze            |    24 |    31 |    38 ||    93
       Frozen Ramparts   |       |     2 |     9 ||    11
       Ozocubu's Armour  |       |     2 |     3 ||     5
 Abil: Breathe Fire      |       |       |    10 ||    10
  Use: Scroll            |       |       |    11 ||    11
       Potion            |       |       |     2 ||     2
 Stab: Sleeping          |     2 |     4 |     1 ||     7
Armor: Skin              |    29 |    35 |    68 ||   132
Dodge: Dodged            |    87 |    75 |   106 ||   268

Table legend: (Time is in decaauts)
 A = Elapsed time spent in this place.
 B = Non-inter-level travel time spent in this place.
 C = Inter-level travel time spent in this place.
 D = Time resting spent in this place.
 E = Time spent auto-exploring this place.
 F = Levels seen in this place.
 G = Mean time per level.
                   A        B        C        D        E       F      G
               +--------+--------+--------+--------+--------+-----+--------+
         Total |   7510 |   7307 |    203 |    419 |   5800 |   8 |  938.8 |
       Dungeon |   7413 |   7227 |    186 |    419 |   5741 |   7 | 1059.0 |
        Temple |     96 |     79 |     17 |      0 |     59 |   1 |   96.0 |
               +--------+--------+--------+--------+--------+-----+--------+

Top non-repeatable levels by time:
     D:2: 1636 daAuts
     D:7: 1585 daAuts
     D:1: 965 daAuts
     D:6: 916 daAuts
     D:5: 883 daAuts
     D:3: 883 daAuts
     D:4: 542 daAuts
  Temple: 96 daAuts
